 Dungeon Crawl Stone Soup version 0.30-a0-953-g5f1da4a474 (webtiles) character file.

Game seed: 12401074998695577079

18 xian the Conjurer (level 2, -10/22 HPs)
             Began as a Demonspawn Reaver on Mar 28, 2023.
             Mangled by Crazy Yiuf
             ... wielding a +2 quarterstaff of chaos
              (14 damage)
             ... on level 2 of the Dungeon.
             The game lasted 00:03:30 (702 turns).

xian the Conjurer (Demonspawn Reaver)                Turns: 702, Time: 00:03:31

Health: -10/22     AC:  4    Str:  9 (12) XL:     2   Next: 48%
Magic:  2/5        EV: 16    Int: 13 (14) God:
Gold:   55         SH:  0    Dex:  8 (11) Spells: 2/5 levels left

rFire   . . .      SeeInvis .    a - +0 mace
rCold   . . .      Faith    .    (no shield)
rNeg    . . .      Spirit   .    b - +0 leather armour
rPois   .          Reflect  .    (no helmet)
rElec   .          Rampage  .    (no cloak)
rCorr   .                        l - +0 pair of gloves
Will    .....                    (no boots) Stlth
                                 (no amulet)
HPRegen 0.23/turn                (no ring)
MPRegen 0.09/turn                (no ring)

@: confused, agile, lethally poisoned (-10 -> -11), hasted, very quick
A: powered by pain 1
a: no special abilities


You were on level 2 of the Dungeon.
You visited 1 branch of the dungeon, and saw 2 of its levels.

You collected 55 gold pieces.

Inventory:

Hand Weapons
 a - a +0 mace (weapon)
Armour
 b - a +0 leather armour (worn)
 l - a +0 pair of gloves (worn)
Jewellery
 e - a +6 ring of strength
Scrolls
 c - 2 scrolls of vulnerability
 g - 2 scrolls of teleportation {unknown}
 j - a scroll of poison {unknown}
 k - a scroll of butterflies {unknown}
Potions
 i - a potion of curing {unknown}


   Skills:
 + Level 2.1 Fighting
 + Level 3.0 Maces & Flails
 + Level 1.8 Dodging
 + Level 2.0 Spellcasting
 + Level 3.3 Conjurations


You had 2 spell levels left.
You knew the following spells:

 Your Spells              Type           Power      Damage    Failure   Level
a - Kiss of Death         Conj/Necr      20%        2d7       19%         1
b - Momentum Strike       Conj/Tloc      10%        3d8       26%         2

Your spell library contained the following spells:

 Spells                   Type           Power      Damage    Failure   Level
 Ensorcelled Hibernation  Hex/Ice        2%         N/A       47%         2
 Passwall                 Tmut/Erth      0%         N/A       47%         2
 Hailstorm                Conj/Ice       5%         3d4       47%         3
 Swiftness                Air            1%         N/A       71%         3


Dungeon Overview and Level Annotations

Branches:
Dungeon (2/15)

Altars:

Shops:
D:1 *

Annotations:
D:2 Crazy Yiuf


Innate Abilities, Weirdness & Mutations

You sometimes gain a little power by taking damage.


Message History

Crazy Yiuf misses you.
You nearly hit yourself!
You feel very sick.
Crazy Yiuf hits you with a +2 quarterstaff of chaos!
* * * LOW HITPOINT WARNING * * *
You are more confused.
It was a potion of degeneration.
There was something very wrong with that liquid.
You feel weakened.
You feel dopey.
You feel clumsy.
* * * LOW HITPOINT WARNING * * *
You feel very sick. Crazy Yiuf misses you.
Okay, then.
It was a potion of haste.
You feel yourself speed up.
You feel sick. Crazy Yiuf misses you.
Okay, then.
You cannot move. (Use ctrl+direction or * direction to attack while stationary and confused.)
You closely miss Crazy Yiuf.
Crazy Yiuf is moderately wounded.
You are no longer robbed of momentum.
You feel sick.
You're too confused to cast spells.
You see here a +0 hammer.
You hit Crazy Yiuf.
Crazy Yiuf is severely wounded.
You feel sick.
Crazy Yiuf hits you with a +2 quarterstaff of chaos.
You feel less invigorated.
You feel sick.
You see here a +0 hammer.
Crazy Yiuf hits you with a +2 quarterstaff of chaos.
* * * LOW HITPOINT WARNING * * *
You feel your power leaking away.
You see here a +0 hammer.
You bump into the rock wall.
You feel sick. Crazy Yiuf barely misses you.
You hit Crazy Yiuf but do no damage.
Crazy Yiuf is severely wounded.
You feel sick.
Crazy Yiuf hits you with a +2 quarterstaff of chaos!
Ouch! That really hurt!
You die...

#. #. #.####
#....# #....####
### #.......##
###)))#
#.......####g')).#
##......)#)@##)))#
######......)#)###
###
.........#######
#####...# ####.##
#....######
#..........#
#..#######.# #[.#


You could see Crazy Yiuf.

Vanquished Creatures
  A dart slug (D:1)
  3 endoplasms (D:1)
  2 giant cockroaches
  2 goblins (D:1)
  A hobgoblin (D:1)
  2 bats (D:1)
  A kobold (D:1)
  2 rats (D:1)
14 creatures vanquished.

Notes
Turn   | Place    | Note
-------+----------+-------------------------------------------
     0 | D:1      | xian the Demonspawn Reaver began the quest for the Orb.
     0 | D:1      | Reached XP level 1. HP: 16/16 MP: 3/3
   182 | D:1      | Found Cuskaf's Assorted Antiques.
   257 | D:1      | Gained mutation: You sometimes gain a little power by
                  | taking damage. [demonic ancestry]
   257 | D:1      | Reached XP level 2. HP: 8/22 MP: 5/5
   260 | D:1      | Learned a level 2 spell: Momentum Strike
   685 | D:2      | Found a runed translucent door.
   686 | D:2      | Noticed Crazy Yiuf
   693 | D:2      | HP: 1/22 [Crazy Yiuf/+2 quarterstaff of chaos (8)]
   702 | D:2      | Mangled by Crazy Yiuf

Illustrated notes

Levels and vault maps discovered:
D:1:      minmay_arrival_plants_in_alcoves, layout_basic, serial_shops, shop
D:2:      layout_loops_corners, corexii_shack, uniq_natasha, uniq_robin,
          uniq_crazy_yiuf_cottage, uniq_sigmund

Skill      XL: |  1 |
---------------+----+-----
Maces & Flails | 3 |  3.0
Fighting       | |  2.1
Dodging        | |  1.8
Spellcasting   | |  2.0
Conjurations   | |  3.3

Action                     || total
---------------------------++-------
  Melee: Mace              ||    47
   Cast: Momentum Strike   ||     1
    Use: Scroll            ||     1
         Potion            ||     3
 Armour: Leather armour    ||    11
  Dodge: Dodged            ||    36

Table legend: (Time is in decaauts)
 A = Elapsed time spent in this place.
 B = Non-inter-level travel time spent in this place.
 C = Inter-level travel time spent in this place.
 D = Time resting spent in this place.
 E = Time spent auto-exploring this place.
 F = Levels seen in this place.
 G = Mean time per level.
                   A        B        C        D        E       F      G
               +--------+--------+--------+--------+--------+-----+--------+
         Total |    711 |    641 |     70 |      0 |    436 |   2 |  355.5 |
       Dungeon |    711 |    641 |     70 |      0 |    436 |   2 |  355.5 |
               +--------+--------+--------+--------+--------+-----+--------+

Top non-repeatable levels by time:
     D:1: 670 daAuts
     D:2: 41 daAuts
